 Dungeon Crawl Stone Soup version 0.29.0-4-gdea44cf6ec (webtiles) character file.

Game seed: 6849027535434834981

55 qw the Chopper (level 3, -3/23 HPs)
             Began as a Gargoyle Fighter on Sept 9, 2022.
             Killed from afar by an orc wizard (7 damage)
             ... with a puff of flame
             ... on level 3 of the Dungeon.
             The game lasted 00:00:38 (1034 turns).

qw the Chopper (Gargoyle Fighter)                   Turns: 1034, Time: 00:00:38

Health: -3/23      AC: 15    Str: 21    XL:     3   Next: 93%
Magic:  3/3        EV:  5    Int:  8    God:
Gold:   80         SH:  0    Dex:  9    Spells: 2/2 levels left

rFire   . . .      SeeInvis .   Y - +0 war axe
rCold   . . .      Faith    .   c - +0 buckler
rNeg    + . .      Spirit   .   g - +0 plate armour
rPois   inf        Reflect  .   e - +0 helmet
rElec   +          Harm     .   (no cloak)
rCorr   .          Rampage  .   (no gloves)
Will    .....                   (no boots)
Stlth   ..........              (no amulet)
HPRegen 0.07/turn               (no ring)
MPRegen 0.08/turn               (no ring)

@: confused
A: sickness immunity, AC +3, negative energy resistance 1, electricity
resistance, torment resistance 1, petrification resistance
a: no special abilities


You were on level 3 of the Dungeon.
You visited 1 branch of the dungeon, and saw 3 of its levels.

You collected 80 gold pieces.


Innate Abilities, Weirdness & Mutations

You are immune to sickness and miasma.
Your stone body is resilient. (AC +3)
You are immune to poison.
You resist negative energy. (rN+)
You are resistant to electric shocks. (rElec)
You are resistant to unholy torment.
You are immune to petrification.


   Skills:
 - Level 3.2 Fighting
 + Level 3.7 Axes
 - Level 3.2 Armour
 - Level 3.2 Shields


You had 2 spell levels left.
You didn't know any spells.
Your spell library was empty.

Inventory:

Hand Weapons
 j - a +0 whip
 Y - a +0 war axe (weapon)
Armour
 c - a +0 buckler (worn)
 e - a +0 helmet (worn)
 g - a +0 plate armour (worn)
Scrolls
 a - a scroll of identify
Potions
 d - a potion of might

Dungeon Overview and Level Annotations

Branches:
Dungeon (2/15)

Altars:
Vehumet

Shops:
D:3 [


Message History

Something hits you but does no damage.
You're too confused to attack without stumbling around!
There is a strange disturbance nearby!
Something hits you.
You're too confused to attack without stumbling around!
There is a strange disturbance nearby!
Something hits you.
You're too confused to attack without stumbling around!
There is a strange disturbance nearby!
Something hits you.
You're too confused to attack without stumbling around!
There is a strange disturbance nearby!
Something hits you but does no damage.
You're too confused to attack without stumbling around!
There is a strange disturbance nearby!
You hear some strange, mumbled words.
You are more confused.
You're too confused to attack without stumbling around!
There is a strange disturbance nearby!
Something hits you but does no damage.
You're too confused to attack without stumbling around!
There is a strange disturbance nearby!
An orc wizard appears from thin air!
Reactivating autopickup.
The orc wizard hits you but does no damage.
You slash the orc wizard!
The orc wizard is heavily wounded.
The orc wizard barely misses you. x2
You bump into the metal wall.
The orc wizard closely misses you.
You bump into the rock wall.
The orc wizard casts a spell.
The orc wizard flickers and vanishes!
Deactivating autopickup; reactivate with Ctrl-A.
You're too confused to attack without stumbling around!
There is a strange disturbance nearby!
You hear some strange, mumbled words.
A puff of flame appears from out of thin air!
The puff of flame hits you!
You die...

# .# #.####
########).)..#
#.....)@{.)..#
#.####.####..#
#########.# .....
#.........#.....(.#
#.######..#.......#
#.# ##....._.....
.#\# #)#.......#.#
.#.## #.#.......#.#
....# #.# ...[.


There were no monsters in sight!

Vanquished Creatures
  An adder (D:3)
  3 dart slugs (D:1)
  4 orcs (D:3)
  3 bats (D:1)
  An endoplasm (D:1)
  3 goblins (D:1)
  2 hobgoblins (D:1)
  3 jackals (D:1)
  5 kobolds (D:1)
  2 quokkas (D:1)
  5 ball pythons (D:1)
  2 rats (D:3)
34 creatures vanquished.

Vanquished Creatures (others)
  4 plants (D:1)
4 creatures vanquished.

Grand Total: 38 creatures vanquished

Notes
Turn   | Place    | Note
-------+----------+-------------------------------------------
     0 | D:1      | qw the Gargoyle Fighter began the quest for the Orb.
     0 | D:1      | Reached XP level 1. HP: 14/14 MP: 1/1
     0 | D:1      | 0 ||| qw: Version: 0.1-a-113-g051387a
     0 | D:1      | 0 ||| qw: Game counter: 6916
     0 | D:1      | 0 ||| qw: Always use a shield: true
     0 | D:1      | 0 ||| qw: God list: Okawaru
     0 | D:1      | 0 ||| qw: Allow faded altars: false
     0 | D:1      | 0 ||| qw: Do Orc after D:15 true
     0 | D:1      | 0 ||| qw: Do second Lair branch before Depths: true
     0 | D:1      | 0 ||| qw: Lair rune preference: random
     0 | D:1      | 0 ||| qw: Plans: Normal, Zot, God:TSO, Crypt, Tomb, Zig,
                  | Orb
     0 | D:1      | 0 ||| PLANNING D:1-11
    15 | D:1      | 15 ||| Stepping ~*~*~tactically~*~*~ (stealth).
    19 | D:1      | 19 ||| Stepping ~*~*~tactically~*~*~ (stealth).
    20 | D:1      | 20 ||| Stepping ~*~*~tactically~*~*~ (stealth).
    29 | D:1      | Reached XP level 2. HP: 19/19 MP: 2/2
   119 | D:1      | 119 ||| Stepping ~*~*~tactically~*~*~ (stealth).
   121 | D:1      | 121 ||| Stepping ~*~*~tactically~*~*~ (stealth).
   126 | D:1      | 126 ||| Stepping ~*~*~tactically~*~*~ (stealth).
   274 | D:1      | Reached skill level 3 in Axes
   375 | D:1      | Found a faded altar of an unknown god.
   394 | D:1      | Reached XP level 3. HP: 23/23 MP: 3/3
   552 | D:1      | 552 ||| DROPPING +0 club.
   908 | D:1      | 908 ||| UPGRADING to +0 helmet.
   913 | D:1      | 913 ||| UPGRADING to +0 plate armour.
   923 | D:1      | 923 ||| DROPPING +0 scale mail.
   924 | D:1      | 924 ||| READING 3 scrolls labelled KAUXUA MUUCU.
   925 | D:1      | 925 ||| READING scroll labelled FIBUIM BICIQA.
   926 | D:1      | 926 ||| READING 2 scrolls of identify.
   926 | D:1      | 926 ||| IDENTIFYING metallic amethyst potion
   945 | D:2      | You fall into a shaft and drop 1 floor!
   948 | D:3      | Found Nikinoac's Antique Armour Boutique.
   961 | D:3      | 961 ||| SHOPLISTING embroidered scarf (184 gold, have 76).
   961 | D:3      | 961 ||| SHOPLISTING glowing gold dragon scales (1909 gold,
                  | have 76).
   961 | D:3      | 961 ||| SHOPLISTING pair of dazzling boots (218 gold, have
                  | 76).
   961 | D:3      | 961 ||| SHOPLISTING pair of runed gloves (172 gold, have
                  | 76).
   961 | D:3      | 961 ||| SHOPLISTING shiny chain mail (172 gold, have 76).
   971 | D:3      | 971 ||| Stepping ~*~*~tactically~*~*~ (hiding).
   973 | D:3      | Found a radiant altar of Vehumet.
  1012 | D:3      | 1012 ||| DRINKING potion of curing.
  1012 | D:3      | 1012 ||| (to cure confusion)
  1025 | D:3      | HP: 4/23 [something (3)]
  1034 | D:3      | Killed from afar by an orc wizard

Levels and vault maps discovered:
D:1:      ebering_hopf_link, layout_basic, serial_forest,
          infiniplex_forest_straight_4, infiniplex_forest_straight_4,
          infiniplex_forest_clump_medium, infiniplex_forest_lined_ring,
          infiniplex_forest_clump_curved, infiniplex_forest_clump_diagonal,
          ebering_ecumenical_altar_rust, minmay_pentomino_p4
D:2:      layout_basic, chequers_hall_statues_corner_a
D:3:      layout_basic, old_standard_altar, serial_shops, shop, shop,
          minivault_11, amcnicky_mini_corridor_feature

Skill      XL: |  1  2 |
---------------+-------+-----
Axes           | 2 3 |  3.7
Fighting       | |  3.2
Armour         | |  3.2
Shields        | |  3.2

Action                   || total
-------------------------++-------
Melee: War axe           ||   102
  Use: Scroll            ||     3
       Potion            ||     1
Armor: Scale mail        ||    62
       Plate armour      ||    27
Dodge: Dodged            ||    44
Block: Buckler           ||    21

Table legend:
 A = Non-vault XP
 B = Vault XP
 C = Vault XP percentage of total XP
 D = Non-vault monster count
 E = Vault monster count
 F = Vault count percentage of total count
                 A         B        C        D         E       F
            +---------+---------+-------+---------+---------+-------
      Total |      71 |       8 |  10.1 |      30 |       4 |  11.8
            +---------+---------+-------+---------+---------+-------
        D:1 |      44 |       8 |  15.4 |      23 |       4 |  14.8
        D:3 |      27 |       0 |   0.0 |       7 |       0 |   0.0
            +---------+---------+-------+---------+---------+-------
